 Dungeon Sprint DCSS version 0.23-a0-690-g0a1fc62 (webtiles) character file.

588 galech the Fighter (level 7, -3/63 HPs)
             Began as a Demonspawn Fighter on Jan 11, 2019.
             Was a Follower of Okawaru.
             Slain by a ten-headed hydra (10 damage)
             ... in the Dungeon (Sprint IX: "|||||||||||||||||||||||||||||").
             The game lasted 00:01:16 (261 turns).

galech the Fighter (Demonspawn Fighter)              Turns: 261, Time: 00:01:17

Health: -3/63      AC: 16    Str: 17    XL:     7   Next: 15%
Magic:  7/7        EV:  6    Int: 12    God:    Okawaru [*.....]
Gold:   0          SH: 11    Dex: 17    Spells: 6/6 levels left

rFire    . . .     SeeInvis .   p - +3 war axe (chop)
rCold    . . .     Gourm    .   c - +0 shield
rNeg     . . .     Faith    .   r - +1 chain mail
rPois    .         Spirit   .   q - +0 helmet
rElec    .         Reflect  .   (no cloak)
rCorr    .         Harm     .   a - +0 pair of gloves
MR       .....     NoTele   +   (no boots)
Stlth    ..........             (no amulet)
HPRegen  0.20/turn              t - +3 ring of dexterity
MPRegen  0.10/turn              s - +3 ring of intelligence

@: berserk cooldown, slowed, very slow
A: hooves 1, molten scales 1, powered by pain 1
a: Heroism, Renounce Religion


You were in the Dungeon.
You worshipped Okawaru.
Okawaru was aware of your devotion.
You were not hungry.

You visited 1 branch

Inventory:

Hand Weapons
 p - a +3 war axe of chopping (weapon)
Armour
 a - a +0 pair of gloves (worn)
 c - a +0 shield (worn)
 q - a +0 helmet (worn)
 r - a +1 chain mail (worn)
Jewellery
 s - a +3 ring of intelligence (right hand)
 t - a +3 ring of dexterity (left hand)
Wands
 o - a wand of acid (10)
Scrolls
 k - 2 scrolls of blinking
 m - 3 scrolls of remove curse
 n - 2 scrolls of amnesia
Potions
 d - a potion of invisibility
 e - 5 potions of curing
 g - 3 potions of heal wounds
 h - a potion of haste
 i - 4 potions of magic
Comestibles
 f - a ration
 l - 3 chunks of flesh


   Skills:
 + Level 8.4 Fighting
 + Level 7.8 Axes
 + Level 6.9 Armour
 + Level 1.4 Dodging
 + Level 0.3 Stealth
 + Level 7.5 Shields


You had 6 spell levels left.
You didn't know any spells.
Your spell library was empty.

Dungeon Overview and Level Annotations

Branches:
Dungeon (1/1)

Altars:
Cheibriados
Dithmenos
Elyvilon
Fedhas
Gozag
Hepliaklqana
Kikubaaqudgha
Makhleb
Nemelex Xobeh
Okawaru
Qazlal
Ru
Sif Muna
Trog
Uskayaw
Vehumet
Wu Jian
Xom
Yredelemnul
Zin
The Shining One
Beogh
Jiyva
Lugonu


Innate Abilities, Weirdness & Mutations

You have large cloven feet.
You are partially covered in molten scales. (AC +2)
You sometimes gain a little power by taking damage.


Message History

* * * LOW HITPOINT WARNING * * *
The nine-headed hydra bites you but does no damage. x2
The nine-headed hydra bites you.
* * * LOW HITPOINT WARNING * * *
The nine-headed hydra bites you but does no damage. x2
The nine-headed hydra bites you.
* * * LOW HITPOINT WARNING * * *
The nine-headed hydra bites you but does no damage.
You block the nine-headed hydra's attack.
The nine-headed hydra bites you.
* * * LOW HITPOINT WARNING * * *
The nine-headed hydra barely misses you.
The nine-headed hydra bites you but does no damage.
You slice one of the nine-headed hydra's heads off!
The eight-headed hydra grows two more!
You hit the ten-headed hydra.
The ten-headed hydra is heavily wounded.
You block the ten-headed hydra's attack. x2
The ten-headed hydra bites you but does no damage.
The ten-headed hydra bites you!
You die...

▓.▓
▓(▓
▓'▓
▓)▓
▓.▓
▓.▓
▓.▓
▓.▓
▓@▓
▓D▓
▓S▓
▓a▓
▓T▓
▓.▓
▓.▓
▓.▓


You could see a ten-headed hydra, a troll, a water moccasin and a worker ant.

Vanquished Creatures
  A troll (D)
  A yak (D)
  A sky beast (D)
  A wight (D)
  A howler monkey (D)
  A hound (D)
  A worker ant (D)
  An adder skeleton (D)
  An adder zombie (D)
  An orc (D)
  A bat (D)
  A bat zombie (D)
  2 goblins (D)
  A hobgoblin (D)
  A quokka skeleton (D)
  A quokka zombie (D)
  A rat (D)
18 creatures vanquished.

Notes
Turn   | Place    | Note
-------+----------+-------------------------------------------
     0 | D        | galech the Demonspawn Fighter began the quest for the Orb.
     0 | D        | Reached XP level 1. HP: 18/18 MP: 1/1
    23 | D        | Noticed a hound
    23 | D        | Noticed a sky beast
    23 | D        | Noticed a worker ant
    23 | D        | Noticed a howler monkey
    29 | D        | Killed a hound
    29 | D        | Reached skill level 4 in Fighting
    29 | D        | Gained mutation: You sometimes gain a little power by
                  | taking damage. [demonic ancestry]
    29 | D        | Reached XP level 2. HP: 17/26 MP: 2/2
    29 | D        | Reached XP level 3. HP: 20/31 MP: 3/3
    37 | D        | Killed a sky beast
    37 | D        | Reached skill level 5 in Fighting
    37 | D        | Reached skill level 5 in Armour
    37 | D        | Reached skill level 5 in Shields
    37 | D        | Gained mutation: You have large cloven feet. [demonic
                  | ancestry]
    37 | D        | Reached XP level 4. HP: 28/40 MP: 4/4
    40 | D        | Reached skill level 6 in Fighting
    40 | D        | Reached XP level 5. HP: 28/46 MP: 5/5
    42 | D        | Reached skill level 5 in Axes
    57 | D        | Found a roughly hewn altar of Beogh.
    57 | D        | Found a snail-covered altar of Cheibriados.
    57 | D        | Found a shadowy altar of Dithmenos.
    57 | D        | Found a white marble altar of Elyvilon.
    57 | D        | Found a blossoming altar of Fedhas.
    57 | D        | Found an opulent altar of Gozag.
    58 | D        | Found a hazy altar of Hepliaklqana.
    59 | D        | Found a viscous altar of Jiyva.
    60 | D        | Found an ancient bone altar of Kikubaaqudgha.
    61 | D        | Found a corrupted altar of Lugonu.
    62 | D        | Found a burning altar of Makhleb.
    63 | D        | Found a sparkling altar of Nemelex Xobeh.
    64 | D        | Found an iron altar of Okawaru.
    65 | D        | Found a stormy altar of Qazlal.
    66 | D        | Found a sacrificial altar of Ru.
    67 | D        | Found a deep blue altar of Sif Muna.
    68 | D        | Found a bloodstained altar of Trog.
    69 | D        | Found a hide-covered altar of Uskayaw.
    70 | D        | Found a radiant altar of Vehumet.
    71 | D        | Found an ornate altar of the Wu Jian Council.
    72 | D        | Became a worshipper of Warmaster Okawaru
    73 | D        | Found a shimmering altar of Xom.
    74 | D        | Found a basalt altar of Yredelemnul.
    75 | D        | Found a glowing silver altar of Zin.
    76 | D        | Found a glowing golden altar of the Shining One.
   160 | D        | Noticed a yak
   172 | D        | Killed a yak
   172 | D        | Reached * piety under Okawaru
   172 | D        | Reached skill level 7 in Fighting
   172 | D        | Reached skill level 1 in Dodging
   172 | D        | Reached XP level 6. HP: 42/55 MP: 6/6
   245 | D        | Noticed a troll
   245 | D        | Noticed a water moccasin
   245 | D        | Noticed a troll
   245 | D        | Noticed a six-headed hydra
   249 | D        | Killed a troll
   249 | D        | Reached skill level 8 in Fighting
   249 | D        | Gained mutation: You are partially covered in molten
                  | scales. (AC +2) [demonic ancestry]
   249 | D        | Reached XP level 7. HP: 62/62 MP: 7/7
   261 | D        | Slain by a ten-headed hydra

Vault maps used:
D:        linesprint

Skill      XL: |  1  2  3  4  5  6 |
---------------+-------------------+-----
Armour         | 3 5 6 |  6.9
Shields        | 4 5 6 7 |  7.5
Axes           | 3 4 6 7 |  7.8
Fighting       | 4 5 6 7 8 |  8.4
Dodging        | 1 |  1.4
Stealth        | |  0.3

Action                   |  1- 3 |  4- 6 |  7- 9 || total
-------------------------+-------+-------+-------++-------
Melee: War axe           |    22 |    20 |    12 ||    54
       Kick              |       |     9 |     5 ||    14
  Use: Potion            |     1 |     1 |       ||     2
Armor: Scale mail        |     8 |     1 |       ||     9
       Chain mail        |       |     9 |    17 ||    26
Dodge: Dodged            |     8 |     4 |     2 ||    14
Block: Shield            |    11 |     8 |     9 ||    28

Table legend:
 A = Non-vault XP
 B = Vault XP
 C = Vault XP percentage of total XP
 D = Non-vault monster count
 E = Vault monster count
 F = Vault count percentage of total count
                 A         B        C        D         E       F
            +---------+---------+-------+---------+---------+-------
      Total |       0 |     841 | 100.0 |       0 |      18 | 100.0
            +---------+---------+-------+---------+---------+-------
          D |       0 |     841 | 100.0 |       0 |      18 | 100.0
            +---------+---------+-------+---------+---------+-------
